 Dungeon Crawl Stone Soup version 0.30-a0-40-gc6d0f036a7 (webtiles) character file.

Game seed: 52516755302546721

2934 ytrimaz the Changer (level 9, -6/60 (63) HPs)
             Began as an Octopode Transmuter on Aug 29, 2022.
             Was an Initiate of Ashenzari.
             Mangled by a wight
             ... wielding a +4 dire flail
              (11 damage)
             ... on level 8 of the Dungeon.
             The game lasted 00:07:17 (8407 turns).

ytrimaz the Changer (Octopode Transmuter)           Turns: 8407, Time: 00:07:18

HP:   -6/60 (63)    AC: 11    Str:  9    XL:     9   Next: 80%
MP:   0/20          EV: 10    Int: 19    God:    Ashenzari [......]
Gold: 271           SH:  0    Dex: 13    Spells: 13/22 levels left

rFire   x . .      SeeInvis .      - Unarmed
rCold   + + +      Faith    .    (shield currently unavailable)
rNeg    . . .      Spirit   +    (helmet currently unavailable)
rPois   +          Reflect  .    a - amulet of guardian spirit
rElec   .          Harm     .    g - ring of wizardry
rCorr   .          Rampage  .    n - +4 ring of protection
Will    .....                    (no ring)
Stlth   +.........               (no ring)
HPRegen 0.00/turn                (no ring)
MPRegen 0.17/turn                (no ring)
                                 (no ring)
                                 (no ring)

@: ice-form, wereblooded, inhibited regen, drained
A: freezing attack, boosted hp, almost no armour, amphibious, 8 rings, large,
(camouflage 1), (gelatinous body 1), (nimble swimmer 1), (tentacles), inhibited
regeneration, subdued magic 1
a: End Transformation, Renounce Religion, Curse Item


You were on level 8 of the Dungeon.
You worshipped Ashenzari.
Ashenzari was noncommittal.
You were a creature of crystalline ice.
You visited 2 branches of the dungeon, and saw 9 of its levels.

You collected 414 gold pieces.
You spent 143 gold pieces at shops.

Inventory:

Missiles
 h - 2 throwing nets
Jewellery
 a - an amulet of guardian spirit (around neck)
 c - an amulet of the acrobat
 g - a ring of wizardry (left front paw)
 n - a +4 ring of protection (right front paw)
Wands
 m - a wand of charming (12)
 o - a wand of acid (7)
Scrolls
 e - a scroll of fear
 l - 2 scrolls of enchant armour
 q - 2 scrolls of summoning {unknown}
 r - a scroll of vulnerability
 s - a scroll of teleportation
 u - a scroll of blinking
Potions
 b - 3 potions of lignification
 d - 2 potions of heal wounds
 f - 2 potions of degeneration {unknown}
 i - 2 potions of might
 j - 8 potions of curing
 k - 2 potions of attraction {unknown}
 p - 2 potions of invisibility
 t - a potion of flight {unknown}


   Skills:
 - Level 1.0 Fighting
 - Level 2.0 Dodging
 - Level 6.1 Unarmed Combat
 + Level 7.3 Spellcasting
 + Level 7.8 Transmutations
 - Level 4.0 Ice Magic
 - Level 4.0 Poison Magic


You had 13 spell levels left.
You knew the following spells:

 Your Spells              Type           Power      Damage    Failure   Level
a - Ice Form              Ice/Tmut       22%        N/A       2%          4
b - Wereblood             Tmut           28%        N/A       1%          2
c - Spider Form           Tmut/Pois      22%        N/A       1%          3

Your spell library contained the following spells:

 Spells                   Type           Power      Damage    Failure   Level
 Beastly Appendage        Tmut           56%        N/A       1%          1
 Sting                    Tmut/Pois      88%        1d7       1%          1
 Poisonous Vapours        Pois/Air       22%        N/A       1%          2
 Olgreb's Toxic Radiance  Pois           17%        N/A       6%          4
 Confusing Touch          Hex            5%         N/A       10%         3
 Yara's Violent Unravell  Hex/Tmut       8%         3d5       19%         5
 Enfeeble                 Hex            2%         N/A       100%        7


Dungeon Overview and Level Annotations

Branches:
Dungeon (8/15)             Temple (1/1) D:4
   Lair: D:8-11

Altars:
Ashenzari
Cheibriados
Dithmenos
Elyvilon
Fedhas
Hepliaklqana
Kikubaaqudgha
Makhleb
Nemelex Xobeh
Okawaru
Qazlal
Ru
Sif Muna
Trog
Uskayaw
Vehumet
Wu Jian
Yredelemnul
Zin
The Shining One

Shops:
D:5 *

Annotations:
D:3 1 runed translucent door, Crazy Yiuf
D:5 3 runed translucent doors, SensoryNuts's ghost, novice HOFi


Innate Abilities, Weirdness & Mutations

You are a creature of crystalline ice.
You have a powerful freezing melee attack.
Your maximum health is increased.
Your armour is entirely melded.
You are incapable of wielding weapons or throwing items.
You cannot wear most types of armour.
You are amphibious.
You can wear up to eight rings at the same time.
((Your skin changes colour to match your surroundings (Stealth+).))
((Your rubbery body absorbs attacks. (AC +1, EV +1)))
((You are camouflaged when in or above water. (Stealth+)))
((You have tentacles for arms and can constrict up to eight enemies at once.))
You do not regenerate when monsters are visible.
Your spells are a little easier to cast, but a little less powerful.


Message History

Your life force feels restored.
You hit the wight but do no damage.
The wight is heavily damaged.
The wight hits you with a +2 falchion of freezing!
The wight hits you with a +4 dire flail!
You hit the wight but do no damage.
The wight is heavily damaged.
Unknown command.
You are too injured to fight recklessly!
You punch the wight!
The wight is almost destroyed.
The wight hits you with a +4 dire flail!
The wight hits you with a +2 falchion of freezing.
You are too injured to fight recklessly!
Unknown command.
You punch the wight!
You feel a bit better.
You destroy the wight!
The wight hits you with a +4 dire flail!
* * * LOW HITPOINT WARNING * * *
You punch the wight!
The wight is heavily damaged.
You howl as the wereblood boils in your veins!
The wight hits you with a +4 dire flail!
* * * LOW HITPOINT WARNING * * *
Unknown command.
You hit the wight.
The wight is almost destroyed.
The wight hits you with a +4 dire flail!
* * * LOW HITPOINT WARNING * * *
You feel drained.
You barely miss the wight.
The wight is almost destroyed.
The wight hits you with a +4 dire flail.
* * * LOW HITPOINT WARNING * * *
You feel drained.
Unknown command.
You barely miss the wight.
The wight is almost destroyed.
The wight hits you with a +4 dire flail!
You die...

.........# .........#
##.......# ###
##.......####.#
.+.......#....#########
.#...........)#.......#.
##...........#)........#
##...........#.))......#
.............+..Y......#
........##...##.z.....##
#>.....##...##.......#
##......##.............#
##.....................#
.................<.....#
.......<............>..#
.......................#
###.....####.##...


You could see a wight.

Vanquished Creatures
  Grinder (D:3)
  Sigmund (D:2)
  A wyvern (D:7)
  2 water moccasins
  A sky beast (D:7)
  An orc warrior (D:7)
  An ice beast (D:7)
  An ogre (D:3)
  A centaur (D:8)
  A phantom (D:5)
  A bullfrog (D:6)
  2 kobold brigands
  3 necrophages
  5 scorpions
  4 wights (D:8)
  A howler monkey (D:6)
  4 gnoll boudas
  5 hounds
  An orc priest (D:4)
  2 jellies
  An iguana (D:5)
  Terence (D:3)
  2 orc wizards
  Ijyb (D:3)
  14 gnolls
  4 adders
  A shadow imp (D:7)
  A white imp (D:6)
  2 worms (D:3)
  6 dart slugs
  16 orcs
  4 endoplasms
  4 giant cockroaches
  7 goblins
  7 hobgoblins
  5 jackals
  A quokka (D:3)
  4 ball pythons
  6 bats
  5 frilled lizards
  11 kobolds
  4 rats
146 creatures vanquished.

Vanquished Creatures (others)
  4 plants (D:5)
4 creatures vanquished.

Grand Total: 150 creatures vanquished

Notes
Turn   | Place    | Note
-------+----------+-------------------------------------------
     0 | D:1      | ytrimaz the Octopode Transmuter began the quest for the
                  | Orb.
     0 | D:1      | Reached XP level 1. HP: 13/13 MP: 3/3
   134 | D:1      | Reached XP level 2. HP: 18/18 MP: 3/5
   169 | D:1      | Learned a level 2 spell: Wereblood
   367 | D:1      | Found a faded altar of an unknown god.
   865 | D:2      | Noticed Sigmund
   932 | D:2      | Killed Sigmund
   933 | D:2      | Reached XP level 3. HP: 23/23 MP: 6/6
   933 | D:2      | Reached XP level 4. HP: 28/28 MP: 7/7
   933 | D:2      | Reached XP level 5. HP: 33/33 MP: 8/8
   939 | D:2      | Learned a level 3 spell: Spider Form
  1468 | D:2      | Reached skill level 1 in Poison Magic
  1808 | D:2      | Found a glowing silver altar of Zin.
  2325 | D:3      | Noticed Terence
  2334 | D:3      | Killed Terence
  2335 | D:3      | Reached XP level 6. HP: 17/38 MP: 3/9
  2589 | D:3      | Noticed Grinder
  2605 | D:3      | Paralysed by Grinder for 5 turns
  2613 | D:3      | Killed Grinder
  2614 | D:3      | Reached XP level 7. HP: 43/43 MP: 8/11
  2677 | D:3      | Found a runed translucent door.
  2678 | D:3      | Noticed Crazy Yiuf
  3175 | D:3      | Found a shimmering blue altar of Sif Muna.
  3178 | D:3      | Identified the +6 hand axe of the Dark Horse {speed, rN+
                  | Dex+3}
  3213 | D:3      | Noticed Ijyb
  3221 | D:3      | Killed Ijyb
  4141 | D:4      | Found a staircase to the Ecumenical Temple.
  4176 | Temple   | Entered the Ecumenical Temple
  4611 | D:4      | Learned a level 4 spell: Ice Form
  4929 | D:5      | Entered Level 5 of the Dungeon
  4957 | D:5      | Reached skill level 1 in Ice Magic
  4957 | D:5      | Reached XP level 8. HP: 45/48 MP: 10/14
  5030 | D:5      | Found a runed translucent gate.
  5031 | D:5      | Found a runed translucent gate.
  5048 | D:5      | Gained mutation: You have hidden genetic defects. [potion
                  | of mutation]
  5176 | D:5      | Found a runed translucent gate.
  5176 | D:5      | Noticed SensoryNuts's ghost (novice HOFi)
  5254 | D:5      | Gained mutation: Your spells are a little easier to cast,
                  | but a little less powerful. [hidden defects]
  5614 | D:5      | Found Jaohuybe's General Store.
  5618 | D:5      | Reached skill level 5 in Transmutations
  5656 | D:5      | Bought a potion of heal wounds for 65 gold pieces
  5656 | D:5      | Bought 2 potions of curing for 78 gold pieces
  6025 | D:6      | Gained mutation: You do not regenerate when monsters are
                  | visible. [hidden defects]
  6025 | D:6      | Lost mutation: You have hidden genetic defects. [hidden
                  | defects expressed]
  6063 | D:6      | Reached skill level 5 in Spellcasting
  6255 | D:6      | Reached XP level 9. HP: 48/53 MP: 9/17
  6356 | D:6      | Found a bloodstained altar of Trog.
  6497 | D:6      | Found an ancient bone altar of Kikubaaqudgha.
  6552 | D:6      | Found an ornate altar of the Wu Jian Council.
  7135 | D:7      | Found a broken altar of Ashenzari.
  7176 | D:7      | Became a worshipper of Ashenzari the Shackled
  7630 | D:7      | Found an iron altar of Okawaru.
  7646 | D:7      | Found a glowing golden altar of the Shining One.
  8143 | D:8      | Noticed a +0 dagger
  8143 | D:8      | Noticed a +0 hand axe
  8144 | D:8      | Found a hide-covered altar of Uskayaw.
  8407 | D:8      | Mangled by a wight

Illustrated notes

Levels and vault maps discovered:
D:1:      grunt_arrival_crossed_arrows, layout_rooms,
          ebering_ecumenical_altar_rust, serial_bayou_lagoon_a,
          corexii_leaking_fountain
D:2:      layout_loops_cross, basic_altar, uniq_sigmund
D:3:      layout_rooms, nicolae_sif_muna_little_library, uniq_grinder,
          uniq_crazy_yiuf_cottage, uniq_terence, uniq_ijyb
D:4:      layout_basic, minmay_temple_entry_waves, item_on_display_a
D:5:      layout_cave_pools, serial_shops, nicolae_shop_crystal,
          gammafunk_ghost_split, lexackson_kobold_supper
D:6:      layout_gridville, lemuel_round_altar,
          mainiacjoe_overflow_tiny_flanked, mainiacjoe_overflow_alcove_4,
          minmay_misc_feat_encased
D:7:      layout_rooms, kennysheep_mini_moat, lemuel_crystal_altar,
          kennysheep_mini
D:8:      layout_gridville, dancing_weapons_uskayaw
Temple:   minmay_temple_forest_path

Skill      XL: |  1  2  3  4  5  6  7  8  9 |
---------------+----------------------------+-----
Unarmed Combat | 6 |  6.1
Poison Magic   | 1 3 4 |  4.0
Transmutations | 3 4 5 7 |  7.8
Spellcasting   | 4 5 7 |  7.3
Ice Magic      | 1 4 |  4.0
Fighting       | |  1.0
Dodging        | |  2.0

Action                   |  1- 3 |  4- 6 |  7- 9 || total
-------------------------+-------+-------+-------++-------
Melee: Unarmed           |    26 |    62 |   311 ||   399
       Constrict         |    10 |    10 |     4 ||    24
       Kick              |     5 |     5 |       ||    10
       Tentacles         |     2 |     6 |     8 ||    16
       Punch             |     1 |     1 |     1 ||     3
 Cast: Beastly Appendage |     8 |     6 |     2 ||    16
       Spider Form       |       |     2 |    22 ||    24
       Ice Form          |       |       |    27 ||    27
       Wereblood         |       |       |     8 ||     8
 Abil: End Transformatio |       |       |     1 ||     1
  Use: Scroll            |     3 |     4 |    11 ||    18
       Potion            |     1 |     2 |     5 ||     8
 Stab: Sleeping          |     3 |     3 |     2 ||     8
       Invisible         |       |       |     1 ||     1
Armor: Skin              |     8 |    13 |   104 ||   125
Dodge: Dodged            |    14 |    27 |   231 ||   272

Table legend: (Time is in decaauts)
 A = Elapsed time spent in this place.
 B = Non-inter-level travel time spent in this place.
 C = Inter-level travel time spent in this place.
 D = Time resting spent in this place.
 E = Time spent auto-exploring this place.
 F = Levels seen in this place.
 G = Mean time per level.
                   A        B        C        D        E       F      G
               +--------+--------+--------+--------+--------+-----+--------+
         Total |   8360 |   8117 |    243 |    464 |   6434 |   9 |  928.9 |
       Dungeon |   7951 |   7760 |    191 |    464 |   6090 |   8 |  993.9 |
        Temple |    409 |    357 |     52 |      0 |    344 |   1 |  409.0 |
               +--------+--------+--------+--------+--------+-----+--------+

Top non-repeatable levels by time:
     D:2: 1434 daAuts
     D:3: 1215 daAuts
     D:6: 1107 daAuts
     D:4: 992 daAuts
     D:5: 990 daAuts
     D:1: 856 daAuts
     D:7: 855 daAuts
     D:8: 498 daAuts
  Temple: 409 daAuts
